 Dungeon Crawl Stone Soup version 0.18-a0-875-ga513d27 (webtiles) character file.

254 root the Skirmisher (level 5, -4/46 HPs)
             Began as a Centaur Fighter on Dec 21, 2015.
             Was an Initiate of Okawaru.
             Slain by a water moccasin (7 damage)
             ... on level 3 of the Dungeon.
             The game lasted 00:22:41 (4806 turns).

root the Skirmisher (Centaur Fighter)               Turns: 4806, Time: 00:22:42

Health: -4/46      AC: 13    Str: 19    XL:     5   Next: 90%
Magic:  5/5        EV:  5    Int:  7    God:    Okawaru [......]
Gold:   129        SH:  0    Dex:  9    Spells: 0 memorised, 4 levels left

rFire  + . .     SeeInvis .     p - +1 scimitar (protect)
rCold  . . .     Gourm    .     u - +1 chain mail {rF+}
rNeg   . . .     Faith    .     (no shield)
rPois  .         Spirit   .     (no helmet)
rElec  .         Dismiss  .     (no cloak)
rCorr  .         Reflect  .     (no gloves)
SustAt .         Harm     .     (no barding)
MR     .....                    (no amulet)
Stlth  ..........               (no ring)
                                t - ring of stealth

@: lethally poisoned (-4 -> -34), very heavily drained, very quick, not
resistant to hostile enchantments, extremely unstealthy
A: hooves 3, deformed body, speed 2, tough skin 3
a: Renounce Religion


You were on level 3 of the Dungeon.
You worshipped Okawaru.
Okawaru was noncommittal.
You were very hungry.

You visited 2 branches of the dungeon, and saw 5 of its levels.

You collected 129 gold pieces.

Inventory:

Hand Weapons
 a - a +0 long sword
 p - a +1 scimitar of protection (weapon)
Missiles
 g - 42 arrows
Armour
 b - a +0 scale mail
 c - a +0 shield
 u - a +1 chain mail of fire resistance (worn)
Jewellery
 r - an uncursed ring of ice
 t - a ring of stealth (left hand)
Scrolls
 h - a scroll of recharging {unknown}
 i - 2 scrolls of teleportation {unknown}
 j - a scroll of fog {unknown}
 n - 6 scrolls of identify {unknown}
 v - a scroll of amnesia {unknown}
 w - a scroll of immolation {unknown}
Potions
 d - a potion of might
 e - 2 potions of curing {unknown}
 k - a potion of agility {unknown}
 l - 4 potions of heal wounds
 m - a potion of lignification {unknown}
 q - 2 potions of degeneration {unknown}
Comestibles
 f - 4 bread rations
 s - 3 fruits
 x - a beef jerky
 z - a slice of pizza


   Skills:
 + Level 4.0(0.0) Fighting
 + Level 2.8(0.0) Long Blades
 + Level 3.6(0.0) Armour
 + Level 1.5(0.0) Dodging
 - Level 2.1(0.0) Shields


You had 4 spell levels left.
You didn't know any spells.

Dungeon Overview and Level Annotations

Branches:
Dungeon (4/15)             Temple (1/1) D:4

Altars:
Ashenzari
Cheibriados
Elyvilon
Gozag
Kikubaaqudgha
Okawaru
Pakellas
Ru
Vehumet
Zin
The Shining One

Annotations:
D:4 Sigmund


Innate Abilities, Weirdness & Mutations

You have hooves in place of feet.
Armour fits poorly on your strangely shaped body.
You cover ground very quickly.
You have extremely tough skin (AC +3).


Message History

The goblin hits you but does no damage. The water moccasin bites you.
The water moccasin bites you.
You are more poisoned.
The water moccasin poisons you!
You feel sick.
You feel sick.
Your chain mail prevents you from hitting the water moccasin.
The water moccasin is severely wounded.
You feel sick. The water moccasin bites you!
* * * LOW HITPOINT WARNING * * *
The water moccasin bites you but does no damage.
You miss the water moccasin. Your kick misses the water moccasin.
The water moccasin is severely wounded.
* * * LOW HITPOINT WARNING * * *
You feel sick. The water moccasin bites you.
* * * LOW HITPOINT WARNING * * *
You are more poisoned.
The water moccasin poisons you! The water moccasin bites you!
You die...

#..##.##.################ #.#
#.....##.# #.........# #.#####
###.####.# #.........###..#...
###..###.## #...........##.#.##
#.........# #########.#.##.#.##
#.##..##..# #....#.#........
#......<..# #....#.#....#.#.
#.#...##..# ####....#.#.####.#.
#.........# #.@Sg...#......#.#.
#.#.#..#.## #.####.#.....#.#.#.
#...#....#### #.# #.#.#####.#.#.
#####.#.....# #.####.#.....#.#.#.
......#..##.# #...##.#..##.#.#.##
#######..##.#####.##.#..#......##
#.>##.....).##.#..#..#....#
##############.#..#..####.#
#......#..#..#.#


You could see a water moccasin and a goblin.

Vanquished Creatures
  An iguana (D:3)
  A centaur skeleton (D:4)
  5 gnolls
  5 adders
  A worm (D:2)
  3 giant geckos
  11 orcs
  10 giant cockroaches
  6 goblins
  7 hobgoblins
  6 jackals (D:1)
  7 kobolds
  3 quokkas (D:3)
  7 bats
  6 giant newts
  11 rats
90 creatures vanquished.

Notes
Turn   | Place    | Note
--------------------------------------------------------------
     0 | D:1      | root the Centaur Fighter began the quest for the Orb.
     0 | D:1      | Reached XP level 1. HP: 19/19 MP: 1/1
    19 | D:1      | Reached XP level 2. HP: 23/26 MP: 2/2
   695 | D:1      | Reached XP level 3. HP: 28/31 MP: 3/3
  1361 | D:2      | Reached XP level 4. HP: 12/40 MP: 4/4
  1629 | D:2      | Reached skill level 1 in Dodging
  2602 | D:3      | Reached XP level 5. HP: 46/46 MP: 5/5
  3087 | D:4      | Noticed an ogre
  3985 | D:3      | Reached skill level 4 in Fighting
  4387 | D:4      | Noticed Sigmund
  4452 | D:4      | Found a staircase to the Ecumenical Temple.
  4457 | Temple   | Entered the Ecumenical Temple
  4615 | Temple   | Became a worshipper of Warmaster Okawaru
  4731 | D:4      | Noticed a water moccasin
  4806 | D:3      | Slain by a water moccasin

Vault maps used:
D:1:      dpeg_arrival_arbitrary_c, minmay_misc_feat_encased
D:4:      temple_statues, serial_shops, nicolae_shop_overgrown_old_shop,
          first_bread, serial_glass, glass_columns_a, glass_columns_a,
          item_on_display_a, uniq_sigmund
Temple:   chambers_temple_12

Action                   |  1- 3 |  4- 6 || total
-------------------------+-------+-------++-------
Melee: Long sword        |   147 |    38 ||   185
       Scimitar          |       |   209 ||   209
  Use: Potion            |       |     1 ||     1
  Eat: Chunk             |     1 |     8 ||     9
